 Dungeon Crawl Stone Soup version bcrawl-1.36.4 (webtiles) character file.

Game seed: 17216593493697095797

183032 KarmaPolice the Sneak (level 6, -1/38 HPs)
             Began as a Vine Stalker Rogue on Sept 12, 2021.
             Shot with a sling bullet by Ijyb (3 damage)
             ... on level 4 of the Dungeon on July 2, 2022.
             The game lasted 00:14:09 (3311 turns).

KarmaPolice the Sneak (Vine Stalker Rogue)          Turns: 3311, Time: 00:14:10

Health: -1/38      AC:  4    Str: 16    XL:     6   Next: 78%
Magic:  9/9        EV: 11    Int: 11    God:
Gold:   246        SH:  0    Dex: 15    Spells: 5/5 levels left

rFire    . . .     SeeInvis .   a - +2 dagger
rCold    . . .     Gourm    .   (no shield)
rNeg     . . .     Faith    .   c - +0 robe
rPois    .         Spirit   .   (no helmet)
rElec    .         Reflect  .   d - +0 cloak
rCorr    .                      (no gloves)
MR       .....                  v - +0 pair of boots
Stlth    ++++......             (no amulet)
HPRegen  0.52/turn              (no ring)
MPRegen  0.11/turn              (no ring)

@: lethally poisoned (-1 -> -6)
A: fangs 3, regeneration 1, no potion heal 3, rot immunity, strong jaws
a: no special abilities


You were on level 4 of the Dungeon.
You were very hungry.

You visited 1 branch of the dungeon, and saw 4 of its levels.

You collected 246 gold pieces.

Inventory:

Hand Weapons
 a - a +2 dagger (weapon)
 b - a +0 blowgun
 k - a cursed -2 whip
 x - a +2 dagger of chaos
Missiles
 h - 55 poisoned needles
Armour
 c - a +0 robe (worn)
 d - a +0 cloak (worn)
 v - a +0 pair of boots (worn)
 w - a cursed +0 ring mail
Wands
 f - a wand of flame (14)
 g - a wand of charming (15)
 B - a wand of random effects (8)
Scrolls
 i - 2 scrolls of identify
 j - a scroll of fog {unknown}
 l - 3 scrolls of remove curse {unknown}
 m - 2 scrolls of enchant weapon {unknown}
 n - 3 scrolls of teleportation {unknown}
 t - a scroll of magic mapping {unknown}
 y - a scroll of enchant armour {unknown}
 D - a scroll of blinking {unknown}
Potions
 o - a potion of invisibility {unknown}
 p - 3 potions of curing {unknown}
 q - a potion of flight {unknown}
 r - a potion of mutation {unknown}
 s - a potion of ambrosia {unknown}
 u - a potion of might {unknown}
 z - a potion of agility {unknown}
 A - a potion of brilliance {unknown}
 C - a potion of heal wounds {unknown}
Comestibles
 e - 6 rations {!d}


   Skills:
 + Level 3.7 Fighting
 + Level 2.5 Short Blades
 + Level 7.9 Stealth
 + Level 3.7 Evocations


You had 5 spell levels left.
You didn't know any spells.
Your spell library was empty.

Dungeon Overview and Level Annotations

Branches:
Dungeon (4/12)             Temple (0/1) D:4

Altars:
Elyvilon
Gozag
Hepliaklqana
Uskayaw
Vehumet
Xom

Annotations:
D:4 Ijyb


Innate Abilities, Weirdness & Mutations

You have razor-sharp teeth.
Your natural rate of healing is unusually fast.
Potions cannot restore your health.
You are immune to rotting.
Your bites deal extra damage.


Message History

You are more poisoned.
You hit Ijyb.
Ijyb is severely wounded.
You feel sick. Ijyb closely misses you.
You hit Ijyb but do no damage.
Ijyb is severely wounded.
You feel sick.
Ijyb zaps a wand.
You resist with some effort.
You closely miss Ijyb.
Ijyb is almost dead.
You feel sick. Ijyb closely misses you.
You hit Ijyb. You bite Ijyb, but do no damage.
Ijyb is almost dead.
You feel sick.
Ijyb zaps a wand.
You resist with some effort.
You feel sick.
Ijyb unwields a +1 dagger of venom.
It stops dripping with poison.
Ijyb wields a +0 hunting sling of freezing.
It is covered in frost.
Ijyb shoots a sling bullet.
The sling bullet hits you!
* * * LOW HITPOINT WARNING * * *
The sling bullet freezes you.
You die...

#..#.#.#.
#.#.#.#.#
#..#.>.#. ##+
###.#.#.#.#
#..##[...#(#.#.
.##.........#.#..
...........[.....
.........@#
#####.?## #g.#
.....$.(.......
..........#####
#####....##
#....# ..$..#
......#


You could see Ijyb.

Vanquished Creatures
  5 crimson imps
  A hound (D:2)
  Natasha (thrice) (D:3)
  2 adders (D:3)
  A shadow imp (D:3)
  An ooze (D:2)
  6 worms (D:2)
  2 dart slugs
  5 leopard geckos
  3 giant cockroaches (D:2)
  6 goblins
  8 hobgoblins
  7 kobolds
  3 quokkas
  A ball python (D:3)
  4 bats
  3 frilled lizards
  5 rats
66 creatures vanquished.

Notes
Turn   | Place    | Note
-------+----------+-------------------------------------------
     0 | D:1      | KarmaPolice the Vine Stalker Rogue began the quest for the
                  | Orb.
     0 | D:1      | Reached XP level 1. HP: 12/12 MP: 3/3
   123 | D:1      | Reached skill level 6 in Stealth
   138 | D:1      | Reached XP level 2. HP: 17/17 MP: 4/4
  1026 | D:2      | Reached XP level 3. HP: 21/21 MP: 5/5
  1131 | D:2      | Reached XP level 4. HP: 15/27 MP: 6/6
  1466 | D:2      | Upgraded the game from bcrawl-1.34.1 to bcrawl-1.34.3
  1573 | D:2      | Found an opulent altar of Gozag.
  1656 | D:2      | Found a white marble altar of Elyvilon.
  2224 | D:2      | Reached skill level 7 in Stealth
  2224 | D:2      | Reached XP level 5. HP: 23/32 MP: 8/8
  2425 | D:3      | Noticed Natasha
  2429 | D:3      | Found a hazy altar of Hepliaklqana.
  2429 | D:3      | Found a hide-covered altar of Uskayaw.
  2429 | D:3      | Found a radiant altar of Vehumet.
  2439 | D:3      | Killed Natasha
  2451 | D:3      | Upgraded the game from bcrawl-1.34.3 to bcrawl-1.36.4
  2577 | D:3      | Noticed Natasha
  2605 | D:3      | Killed Natasha
  2663 | D:3      | Noticed Natasha
  2699 | D:3      | Killed Natasha
  2700 | D:3      | Gained mutation: You have razor-sharp teeth. [Vine Stalker
                  | growth]
  2700 | D:3      | Reached XP level 6. HP: 35/37 MP: 9/9
  2740 | D:3      | Found a shimmering altar of Xom.
  3286 | D:4      | Found a staircase to the Ecumenical Temple.
  3287 | D:4      | Noticed Ijyb
  3311 | D:4      | Shot with a sling bullet by Ijyb

Skill      XL: |  1  2  3  4  5 |
---------------+----------------+-----
Fighting       | 2 3 |  3.7
Stealth        | 6 7 |  7.9
Evocations     | 2 3 |  3.7
Short Blades   | 2 |  2.5

Action                   |  1- 3 |  4- 6 || total
-------------------------+-------+-------++-------
Melee: Dagger            |    65 |   277 ||   342
       Bite              |     5 |    35 ||    40
 Fire: Blowgun           |       |    25 ||    25
Evoke: Wand              |       |     1 ||     1
 Stab: Sleeping          |    10 |    13 ||    23
       Distracted        |       |     2 ||     2
  Eat: Chunk             |     2 |    12 ||    14
Armor: Robe              |    13 |    57 ||    70
Dodge: Dodged            |    29 |   136 ||   165
